 Dungeon Sprint DCSS version 0.17-a0-1714-g35622ae (webtiles) character file.

11200000 ztt the Intangible (level 27, -1/298 HPs)
             Began as a Deep Dwarf Gladiator on Aug 23, 2015.
             Was the Champion of Makhleb.
             Killed from afar by an observer (27 damage)
             ... with a bolt of fire
             ... in the Dungeon (Sprint VIII: "Arena of Blood").
             The game lasted 00:03:20 (112 turns).

ztt the Intangible (Deep Dwarf Gladiator)            Turns: 112, Time: 00:03:20

Health: -1/298     AC:  8    Str: 31    XL:     27
Magic:  40/54      EV: 28    Int: 10    God:    Makhleb [******]
Gold:   0          SH:  0    Dex: 13    Spells: 0 memorised, 80 levels left

rFire  . . .     SeeInvis +     m - +∞ Axe of Woe
rCold  . . .     Clarity  .     b - +0 leather armour
rNeg   + . .     SustAt   .     (no shield)
rPois  .         Gourm    .     c - +0 helmet
rElec  .         Spirit   .     (no cloak)
rCorr  .         Warding  .     (no gloves)
rMut   .         NoTele   +     (no boots)
MR     ++++.                    (no amulet)
Stlth  +++++++++.               q - ring of see invisible
                                h - +30 ring of slaying

@: non-regenerating, incredibly resistant to hostile enchantments, incredibly
stealthy
A: damage resistance, recharge devices, negative energy resistance 1, sense
surroundings 3, slow healing 3
a: Device Recharging, Minor Destruction, Lesser Servant of Makhleb, Major
Destruction, Greater Servant of Makhleb, Renounce Religion


You were in the Dungeon.
You worshipped Makhleb.
Makhleb was exalted by your worship.
You were not hungry.

You visited 1 branch

Inventory:

Hand weapons
 a - a +0 war axe
 m - the +∞ Axe of Woe (weapon)
   (You found it in the Dungeon)
 n - a +9 war axe
Missiles
 d - 3 throwing nets (quivered)
Armour
 b - a +0 leather armour (worn)
 c - a +0 helmet (worn)
Jewellery
 h - a +30 ring of slaying (left hand)
 o - a +30 ring of slaying
 p - a +30 ring of slaying
 q - a ring of see invisible (right hand)
Magical devices
 e - a wand of heal wounds (5)
Scrolls
 l - a scroll of blinking
Potions
 g - a potion of curing
 i - a potion of haste
 j - 2 potions of magic
 k - a potion of berserk rage
Comestibles
 f - a bread ration


   Skills:
 O Level 27 Fighting
 O Level 27 Axes
 O Level 27 Throwing
 O Level 27 Armour
 O Level 27 Dodging
 O Level 27 Stealth
 O Level 27 Unarmed Combat
 O Level 27 Spellcasting
 O Level 27 Invocations
 O Level 27 Evocations


You had 80 spell levels left.
You didn't know any spells.

Dungeon Overview and Level Annotations

Branches:
Dungeon (1/1)

Altars:
Makhleb


Innate Abilities, Weirdness & Mutations

You are resistant to damage.
You can recharge devices by infusing magical energy.
You resist negative energy.
You passively map a large area around you.
You do not heal naturally.


Message History

You hear a shout! x4
The eight-headed meat hydra calls on the powers of darkness!
The eight-headed meat hydra convulses!
Your body is wracked with pain!
The meat berserker convulses!
You hear a shout! x4
The eight-headed meat hydra calls on the powers of darkness!
The eight-headed meat hydra convulses!
Your body is wracked with pain!
* * * LOW HITPOINT WARNING * * *
You hear a shout! x2
You hear a shout! x5
The meat berserker hits you with a +9 battleaxe!!!
* * * LOW HITPOINT WARNING * * *
You hear a shout! x2
The eight-headed meat hydra calls on the powers of darkness!
The eight-headed meat hydra convulses!
Your body is wracked with pain!
* * * LOW HITPOINT WARNING * * *
The observer gazes at you.
The bolt of fire hits the meat berserker.
The bolt of fire hits you!
You die...

,...%..#)).....#.......
*, ,
......)%D..............
, ,,
#%....))).......G.#.O.#
* ,
......)))))....G.#..2o#
, #......))))%...##G....
.....#..)))..)#...GW.# ,
* ,,
....%.....)))x#...###..
, ,
§...##.#....)...OD.....
, , ,,
..........%..).@M......
,####....#.)%))####.....
* .......).)....#......
*** * ........))....%...
##* #%..............##*
#################


You could see an accursed, a meat beast (wandering), 2 eight-headed meat hydras,
2 observers, a dread (wandering), 2 meat berserkers and a bag of meat
(wandering).

Vanquished Creatures
  3 hell beasts (D)
  5 greater mummies (D)
  4 great orbs of eyes (D)
  2 wraiths (D)
  15 vampire knights (D)
  23 ogres (D)
  2 liches (D)
  49 orcs (D)
  A phantom (D)
  6 hill giants (D)
  5 skeletal warriors (D)
  4 large abominations (D)
  7 small abominations (D)
  4 crawling corpses (D)
130 creatures vanquished.

Vanquished Creatures (others)
  7 crawling corpses (D)
7 creatures vanquished.

Grand Total: 137 creatures vanquished

Notes
Turn   | Place    | Note
--------------------------------------------------------------
     0 | D        | ztt the Deep Dwarf Gladiator began the quest for the Orb.
     0 | D        | Reached XP level 1. HP: 19/19 MP: 1/1
     3 | D        | Noticed a bag of meat
     3 | D        | Noticed a meat berserker
     4 | D        | Became a worshipper of Makhleb the Destroyer
     6 | D        | Noticed a bag of meat
     6 | D        | Noticed a meat berserker
     6 | D        | Killed a meat berserker
     6 | D        | Reached skill level 11 in Fighting
     6 | D        | Reached skill level 21 in Axes
     6 | D        | Reached skill level 10 in Throwing
     6 | D        | Reached XP level 2. HP: 23/44 MP: 2/2
     6 | D        | Reached XP level 3. HP: 26/51 MP: 3/3
     6 | D        | Reached XP level 4. HP: 30/60 MP: 4/4
     6 | D        | Reached XP level 5. HP: 33/66 MP: 5/5
     6 | D        | Reached XP level 6. HP: 37/74 MP: 6/6
     6 | D        | Reached XP level 7. HP: 40/81 MP: 7/7
     6 | D        | Reached XP level 8. HP: 44/90 MP: 8/8
     6 | D        | Gained mutation: You passively map the area around you. [Deep Dwarf growth]
     6 | D        | Reached XP level 9. HP: 47/97 MP: 9/9
     6 | D        | Reached XP level 10. HP: 50/104 MP: 10/10
     6 | D        | Reached XP level 11. HP: 53/111 MP: 11/11
     6 | D        | Reached XP level 12. HP: 57/120 MP: 12/12
     6 | D        | Reached XP level 13. HP: 60/127 MP: 13/13
     6 | D        | Noticed a bag of meat
     7 | D        | Noticed a bag of meat
     7 | D        | Killed a meat berserker
     7 | D        | Acquired Makhleb's first power
     7 | D        | Reached skill level 25 in Axes
     7 | D        | Gained mutation: You resist negative energy. [Deep Dwarf growth]
     7 | D        | Reached XP level 14. HP: 26/139 MP: 14/14
     8 | D        | Noticed a bag of meat
     9 | D        | Noticed a bag of meat
    10 | D        | Killed a bag of meat
    10 | D        | Reached skill level 26 in Axes
    11 | D        | Noticed a meat berserker
    12 | D        | Killed a bag of meat
    12 | D        | Acquired Makhleb's second power
    12 | D        | Reached skill level 27 in Axes
    12 | D        | Reached skill level 27 in Dodging
    12 | D        | Reached XP level 15. HP: 140/152 MP: 15/15
    12 | D        | Killed a bag of meat
    12 | D        | Reached skill level 5 in Armour
    12 | D        | Killed a bag of meat
    12 | D        | Acquired Makhleb's third power
    14 | D        | Killed a bag of meat
    14 | D        | Reached XP level 16. HP: 172/178 MP: 16/16
    14 | D        | Killed a meat berserker
    14 | D        | Reached skill level 10 in Armour
    16 | D        | Killed a bag of meat
    16 | D        | Acquired Makhleb's fourth power
    16 | D        | Reached XP level 17. HP: 186/199 MP: 17/17
    20 | D        | Noticed a large bag of meat
    20 | D        | Noticed a destroyer
    22 | D        | Noticed a bag of meat
    23 | D        | Noticed a bag of meat
    23 | D        | Noticed a bag of meat
    23 | D        | Noticed a destroyer
    23 | D        | Killed a destroyer
    23 | D        | Reached skill level 27 in Fighting
    24 | D        | Noticed a bag of meat
    24 | D        | Noticed a meat berserker
    25 | D        | Noticed a bag of meat
    25 | D        | Noticed a bag of meat
    25 | D        | Noticed a bag of meat
    25 | D        | Noticed a bag of meat
    25 | D        | Noticed a meat berserker
    26 | D        | Killed a bag of meat
    26 | D        | Reached skill level 27 in Throwing
    26 | D        | Reached skill level 15 in Armour
    26 | D        | Gained mutation: You passively map a large area around you. [Deep Dwarf growth]
    26 | D        | Reached XP level 18. HP: 218/218 MP: 18/18
    26 | D        | Killed a destroyer
    26 | D        | Acquired Makhleb's fifth power
    27 | D        | Noticed a bag of meat
    27 | D        | Noticed a bag of meat
    27 | D        | Killed a meat berserker
    27 | D        | Reached skill level 27 in Armour
    27 | D        | Reached XP level 19. HP: 226/226 MP: 19/19
    28 | D        | Noticed a bag of meat
    28 | D        | Noticed a bag of meat
    28 | D        | Noticed a bag of meat
    28 | D        | Noticed a bag of meat
    28 | D        | Noticed a bag of meat
    28 | D        | Noticed a large bag of meat
    28 | D        | Noticed a bag of meat
    28 | D        | Noticed a destroyer
    29 | D        | Noticed a meat berserker
    29 | D        | Noticed a meat berserker
    29 | D        | Noticed a bag of meat
    29 | D        | Killed a bag of meat
    29 | D        | Reached skill level 5 in Spellcasting
    30 | D        | Noticed a meat berserker
    30 | D        | Noticed a bag of meat
    31 | D        | Noticed a meat berserker
    31 | D        | Noticed a meat berserker
    31 | D        | Killed a destroyer
    31 | D        | Reached skill level 15 in Stealth
    31 | D        | Reached skill level 10 in Spellcasting
    31 | D        | Reached skill level 15 in Invocations
    31 | D        | Reached skill level 15 in Evocations
    31 | D        | Killed a bag of meat
    31 | D        | Reached XP level 20. HP: 236/236 MP: 19/36
    31 | D        | Killed a bag of meat
    31 | D        | Killed a meat berserker
    32 | D        | Killed a bag of meat
    32 | D        | Reached skill level 15 in Spellcasting
    33 | D        | Noticed a bag of meat
    33 | D        | Killed a large bag of meat
    33 | D        | Killed a bag of meat
    33 | D        | Killed a bag of meat
    33 | D        | Reached XP level 21. HP: 244/244 MP: 19/42
    33 | D        | Noticed a destroyer
    34 | D        | Noticed a bag of meat
    34 | D        | Noticed a meat berserker
    34 | D        | Noticed a large bag of meat
    34 | D        | Noticed a bag of meat
    34 | D        | Noticed a destroyer
    34 | D        | Noticed a bag of meat
    35 | D        | Noticed a bag of meat
    35 | D        | Noticed a destroyer
    35 | D        | Killed a bag of meat
    35 | D        | Killed a meat berserker
    35 | D        | Reached skill level 27 in Stealth
    35 | D        | Reached skill level 27 in Invocations
    35 | D        | Reached skill level 27 in Evocations
    35 | D        | Killed a meat berserker
    35 | D        | Killed a bag of meat
    35 | D        | Reached XP level 22. HP: 254/254 MP: 20/49
    35 | D        | Killed a bag of meat
    35 | D        | Noticed a destroyer
    36 | D        | Noticed a bag of meat
    36 | D        | Noticed a bag of meat
    36 | D        | Noticed a bag of meat
    36 | D        | Noticed a bag of meat
    36 | D        | Killed a bag of meat
    36 | D        | Killed a bag of meat
    36 | D        | Reached skill level 27 in Unarmed Combat
    36 | D        | Killed a bag of meat
    36 | D        | Reached skill level 27 in Spellcasting
    36 | D        | Killed a meat berserker
    37 | D        | Killed a meat berserker
    37 | D        | Reached XP level 23. HP: 262/262 MP: 20/54
    37 | D        | Killed a meat berserker
    38 | D        | Noticed a bag of meat
    38 | D        | Noticed a bag of meat
    38 | D        | Killed a bag of meat
    38 | D        | Killed a meat berserker
    38 | D        | Killed a large bag of meat
    39 | D        | Noticed a bag of meat
    39 | D        | Killed a bag of meat
    39 | D        | Reached XP level 24. HP: 272/272 MP: 21/54
    39 | D        | Killed a destroyer
    40 | D        | Noticed a destroyer
    40 | D        | Noticed a sculptor of flesh
    40 | D        | Noticed a destroyer
    40 | D        | Noticed a large bag of meat
    40 | D        | Noticed a destroyer
    40 | D        | Noticed a bag of meat
    41 | D        | Noticed a meat berserker
    41 | D        | Killed a bag of meat
    41 | D        | Killed a destroyer
    41 | D        | Killed a bag of meat
    42 | D        | Noticed a bag of meat
    42 | D        | Killed a bag of meat
    42 | D        | Killed a bag of meat
    42 | D        | Reached XP level 25. HP: 280/280 MP: 21/54
    43 | D        | Noticed a sculptor of flesh
    43 | D        | Noticed a destroyer
    43 | D        | Killed a destroyer
    43 | D        | Killed a large bag of meat
    44 | D        | Noticed a sculptor of flesh
    44 | D        | Noticed a bag of meat
    44 | D        | Killed a bag of meat
    44 | D        | Killed a bag of meat
    44 | D        | Killed a destroyer
    44 | D        | Killed a destroyer
    44 | D        | Reached XP level 26. HP: 290/290 MP: 22/54
    45 | D        | Noticed a bag of meat
    45 | D        | Noticed a sculptor of flesh
    45 | D        | Noticed a destroyer
    45 | D        | Noticed a large bag of meat
    46 | D        | Noticed a bag of meat
    46 | D        | Noticed a bag of meat
    46 | D        | Noticed a tyrant
    46 | D        | Killed a meat berserker
    46 | D        | Killed a bag of meat
    46 | D        | Killed a bag of meat
    46 | D        | Killed a sculptor of flesh
    47 | D        | Killed a bag of meat
    47 | D        | Killed a bag of meat
    47 | D        | Killed a bag of meat
    47 | D        | Reached XP level 27. HP: 298/298 MP: 23/54
    48 | D        | Noticed an accursed
    48 | D        | Noticed a meat berserker
    48 | D        | Noticed a bag of meat
    48 | D        | Noticed a bag of meat
    48 | D        | Killed a destroyer
    48 | D        | Killed a bag of meat
    49 | D        | Noticed a bag of meat
    49 | D        | Killed a bag of meat
    49 | D        | Killed a bag of meat
    49 | D        | Killed a bag of meat
    49 | D        | Killed a destroyer
    50 | D        | Noticed a large bag of meat
    51 | D        | Noticed a meat berserker
    51 | D        | Killed a tyrant
    51 | D        | Killed a large bag of meat
    52 | D        | Killed a bag of meat
    53 | D        | Killed a sculptor of flesh
    54 | D        | Killed a bag of meat
    54 | D        | Noticed a tyrant
    55 | D        | Killed a meat berserker
    55 | D        | Killed a large bag of meat
    55 | D        | Killed a tyrant
    55 | D        | Killed a bag of meat
    56 | D        | Noticed an accursed
    56 | D        | Killed a bag of meat
    56 | D        | Killed a destroyer
    56 | D        | Killed a bag of meat
    56 | D        | Killed a sculptor of flesh
    57 | D        | Noticed a meat berserker
    57 | D        | Killed a bag of meat
    57 | D        | Killed a meat berserker
    58 | D        | Killed a bag of meat
    58 | D        | Killed a sculptor of flesh
    58 | D        | Killed a bag of meat
    58 | D        | Killed a destroyer
    59 | D        | Noticed a meat berserker
    59 | D        | Noticed a bag of meat
    59 | D        | Killed a bag of meat
    60 | D        | Noticed a bag of meat
    60 | D        | Noticed an accursed
    60 | D        | Killed a large bag of meat
    61 | D        | Noticed a destroyer
    62 | D        | Noticed a dread
    63 | D        | Noticed a bag of meat
    64 | D        | Killed a bag of meat
    66 | D        | Killed a meat berserker
    68 | D        | Killed a meat berserker
    69 | D        | Noticed an accursed
    70 | D        | Noticed a meat berserker
    70 | D        | Killed a meat berserker
    71 | D        | Killed a destroyer
    72 | D        | Killed a bag of meat
    73 | D        | Noticed a meat berserker
    73 | D        | Noticed a meat berserker
    73 | D        | Killed an accursed
    74 | D        | Killed a meat berserker
    75 | D        | Noticed a meat beast
    75 | D        | Noticed a meat berserker
    75 | D        | Killed a bag of meat
    76 | D        | Killed a dread
    77 | D        | Noticed a destroyer
    77 | D        | Killed an accursed
    80 | D        | Noticed a meat beast
    81 | D        | Killed a meat berserker
    81 | D        | Killed a meat berserker
    82 | D        | Noticed a sculptor of flesh
    82 | D        | Noticed a meat beast
    82 | D        | Killed an accursed
    82 | D        | Killed a meat beast
    87 | D        | Noticed a wretched soul
    87 | D        | Killed a destroyer
    87 | D        | Killed a meat beast
    87 | D        | Killed an accursed
    89 | D        | Killed a sculptor of flesh
    92 | D        | Noticed an accursed
    93 | D        | Noticed an observer
    94 | D        | Noticed an observer
    94 | D        | Killed a wretched soul
    95 | D        | Noticed a destroyer
    95 | D        | Noticed a dread
    97 | D        | Noticed a meat berserker
    97 | D        | Killed an observer
    97 | D        | Killed an observer
    98 | D        | Noticed a meat beast
    98 | D        | Noticed a bag of meat
    99 | D        | Killed a destroyer
   100 | D        | Killed a meat berserker
   101 | D        | Noticed an observer
   101 | D        | Killed a meat beast
   102 | D        | Noticed a meat berserker
   102 | D        | Noticed an observer
   103 | D        | Noticed an observer
   103 | D        | Killed an accursed
   104 | D        | Noticed a meat berserker
   104 | D        | Killed an observer
   105 | D        | Killed an observer
   106 | D        | Noticed an observer
   106 | D        | Killed a dread
   107 | D        | Noticed an observer
   108 | D        | Noticed an accursed
   108 | D        | Killed a bag of meat
   108 | D        | Killed a meat berserker
   109 | D        | Noticed a meat berserker
   110 | D        | Killed a meat berserker
   111 | D        | Noticed a meat berserker
   111 | D        | Noticed a bag of meat
   111 | D        | Noticed a meat beast
   111 | D        | Noticed a dread
   112 | D        | Killed from afar by an observer

Vault maps used:
D:        meatsprint

Action                   |  1- 3 |  4- 6 |  7- 9 | 10-12 | 13-15 | 16-18 | 19-21 | 22-24 | 25-27 || total
-------------------------+-------+-------+-------+-------+-------+-------+-------+-------+-------++-------
Melee: Executioner's axe |     1 |       |       |       |     4 |     4 |     5 |     6 |    46 ||    66
  Use: Potion            |       |       |       |       |     1 |       |       |       |       ||     1
